A+ EAST
WILMINGTON BLUE ROCKS @ ASHEVILLE TOURISTS
04/19/2042
 
TOP OF THE 1ST
Wilmington Blue Rocks batting - Pitching for Asheville Tourists : RHP Walt Taylor
Pitching: RHP Walt Taylor
Batting: RHB Jesús Balderas 0-0: Ball
1-0: Swinging Strike
1-1: Ground out 5-3 (Groundball, P, EV 82.5 MPH)
Batting: LHB Jeff Yoder 0-0: Called Strike
0-1: Called Strike
0-2: Ball
1-2: Ball
2-2: Strikes out looking
Batting: RHB Assunção Contreras 0-0: Ball
1-0: Ball
2-0: Foul Ball, location: 3F
2-1: Foul Ball, location: 25F
2-2: Foul Ball, location: 5F
2-2: Ball
3-2: Foul Ball, location: 5F
3-2: Fly out, F5 (Line Drive, 5L, EV 69.4 MPH)
Top of the 1st over - 0 runs, 0 hits, 0 errors, 0 left on base; Wilmington 0 - Asheville 0
BOTTOM OF THE 1ST
Asheville Tourists batting - Pitching for Wilmington Blue Rocks : LHP Walt Navarro
Pitching: LHP Walt Navarro
Batting: RHB Raúl Villa 0-0: Called Strike
0-1: Foul Ball, location: 9LMF
0-2: Ball
1-2: Fly out, F9 (Flyball, 9LSF, EV 100.6 MPH)
Batting: RHB Jared Clemente 0-0: Ball
1-0: Ball
2-0: Called Strike
2-1: Ball
3-1: Hit by Pitch
Batting: RHB Jimmy Davidson 0-0: Ball
1-0: Ball
2-0: Ball
3-0: Called Strike
3-1: Foul Ball, location: 2F
3-2: Foul Ball, location: 2F
3-2: Base on Balls
Jared Clemente to second
Batting: SHB Erik Ashe 0-0: Called Strike
0-1: Ball
1-1: Foul Ball, location: 5F
1-2: Ball
2-2: Foul Ball, location: 3FF
2-2: Strikes out swinging
Batting: RHB Lou Horn 0-0: Ball
1-0: Ball
2-0: Called Strike
2-1: Fly out, F8 (Flyball, 89D, EV 100.6 MPH)
Bottom of the 1st over - 0 runs, 0 hits, 0 errors, 2 left on base; Wilmington 0 - Asheville 0
TOP OF THE 2ND
Wilmington Blue Rocks batting - Pitching for Asheville Tourists : RHP Walt Taylor
Batting: RHB Lonnie Dillard 0-0: Ball
1-0: Ball
2-0: Ball
3-0: Called Strike
3-1: Fly out, F7 (Flyball, 7, EV 97.5 MPH)
Batting: LHB Steve Morris 0-0: Called Strike
0-1: Foul Ball, location: 2F
0-2: Ball
1-2: Foul Ball, location: 7LSF
1-2: Ball
2-2: Strikes out swinging
Batting: LHB Aurelio Martínez 0-0: Called Strike
0-1: Ball
1-1: Foul Ball, location: 5DF
1-2: Ball
2-2: Strikes out swinging
Top of the 2nd over - 0 runs, 0 hits, 0 errors, 0 left on base; Wilmington 0 - Asheville 0
BOTTOM OF THE 2ND
Asheville Tourists batting - Pitching for Wilmington Blue Rocks : LHP Walt Navarro
Batting: SHB José Morán 0-0: Foul Ball, location: 9LDF
0-1: Ball
1-1: Ball
2-1: Swinging Strike
2-2: Ball
3-2: Base on Balls
Batting: RHB Clint Hancock 0-0: DOUBLE (Groundball, 5L, EV 102.5 MPH)
José Morán to third
Runner from 3rd tries for Home, SAFE, throw by LF to home
Batting: LHB Héctor Jourdan 0-0: Ball
1-0: TRIPLE (Line Drive, 89XD, EV 107.5 MPH)
Clint Hancock scores
Batting: RHB Brad Manning 0-0: Called Strike
0-1: 2-RUN HOME RUN (Flyball, 89XD, EV 97.5 MPH), Distance : 353 ft
Batting: RHB Raúl Villa 0-0: Ball
1-0: Called Strike
1-1: Foul Ball, location: 3F
1-2: Strikes out looking
Batting: RHB Jared Clemente 0-0: Ball
1-0: Foul Ball, location: 3F
1-1: Ball
2-1: Ball
3-1: Fly out, F7 (Flyball, 7, EV 96.9 MPH)
Batting: RHB Jimmy Davidson 0-0: Ball
1-0: Swinging Strike
1-1: Foul Ball, location: 25FF
1-2: Ball
2-2: Ball
3-2: DOUBLE (Line Drive, 9LS, EV 91.3 MPH)
Batting: SHB Erik Ashe 0-0: Called Strike
0-1: Fly out, F8 (Flyball, 89M, EV 98.8 MPH)
Bottom of the 2nd over - 4 runs, 4 hits, 0 errors, 1 left on base; Wilmington 0 - Asheville 4
TOP OF THE 3RD
Wilmington Blue Rocks batting - Pitching for Asheville Tourists : RHP Walt Taylor
Batting: RHB Dan Mitchell 0-0: Ball
1-0: Ball
2-0: Ball
3-0: Called Strike
3-1: Base on Balls
Batting: RHB Kieran Pittman 0-0: Ball
1-0: Fly out, F2 (Popup, 2RF, EV 85.6 MPH)
Batting: RHB António Ríos 0-0: Ball
1-0: Called Strike
1-1: Ball
Balk!
Dan Mitchell to second
2-1: Fly out, F8 (Flyball, 8LD, EV 105.6 MPH)
Batting: RHB Jesús Balderas 0-0: Ball
1-0: Ground out 1-3 (Groundball, 34S, EV 66.9 MPH)
Top of the 3rd over - 0 runs, 0 hits, 0 errors, 1 left on base; Wilmington 0 - Asheville 4
BOTTOM OF THE 3RD
Asheville Tourists batting - Pitching for Wilmington Blue Rocks : LHP Walt Navarro
Batting: RHB Lou Horn 0-0: Ball
1-0: Swinging Strike
1-1: Ball
2-1: Foul Ball, location: 7LDF
2-2: Ball
3-2: Foul Ball, location: 5F
3-2: Base on Balls
Batting: SHB José Morán 0-0: Ball
1-0: Ball
2-0: Swinging Strike
2-1: Ball
3-1: Base on Balls
Lou Horn to second
Batting: RHB Clint Hancock 0-0: Called Strike
0-1: Ball
1-1: Called Strike
1-2: Foul Ball, location: 9LSF
1-2: Ball
2-2: Ball
3-2: Base on Balls
Lou Horn to third
José Morán to second
Batting: LHB Héctor Jourdan 0-0: Fly out, F8 (Flyball, 8RM, EV 85.0 MPH)
Batting: RHB Brad Manning 0-0: Ball
1-0: Ball
2-0: Ball
3-0: Ground out 6-3 (Groundball, 6S, EV 70.6 MPH)
Lou Horn scores
José Morán to third
Clint Hancock to second
Pitching: RHP César Hernández
Batting: RHB Raúl Villa 0-0: Foul Ball, location: 3FF
0-1: Ball
1-1: Called Strike
1-2: Ground out 1-3 (Groundball, 34S, EV 67.5 MPH)
Bottom of the 3rd over - 1 run, 0 hits, 0 errors, 2 left on base; Wilmington 0 - Asheville 5
TOP OF THE 4TH
Wilmington Blue Rocks batting - Pitching for Asheville Tourists : RHP Walt Taylor
Batting: LHB Jeff Yoder 0-0: Swinging Strike
0-1: SINGLE (Groundball, 56S, EV 73.8 MPH) (infield hit)
Batting: RHB Assunção Contreras 0-0: Called Strike
0-1: Ball
1-1: 2-RUN HOME RUN (Flyball, 7D, EV 95.0 MPH), Distance : 374 ft
Batting: RHB Lonnie Dillard 0-0: Ground out 5-3 (Groundball, 56S, EV 69.4 MPH)
Batting: LHB Steve Morris 0-0: SOLO HOME RUN (Flyball, 9LD, EV 95.6 MPH), Distance : 334 ft
Batting: LHB Aurelio Martínez 0-0: Ball
1-0: Ball
2-0: Called Strike
2-1: Ball
3-1: Base on Balls
Batting: RHB Dan Mitchell 0-0: Called Strike
0-1: Ball
1-1: Swinging Strike
1-2: Grounds into double play, 5-4-3 (Groundball, 56, EV 86.9 MPH)
Top of the 4th over - 3 runs, 3 hits, 0 errors, 0 left on base; Wilmington 3 - Asheville 5
BOTTOM OF THE 4TH
Asheville Tourists batting - Pitching for Wilmington Blue Rocks : RHP César Hernández
Batting: RHB Jared Clemente 0-0: Called Strike
0-1: Foul Ball, location: 2F
0-2: Foul Ball, location: 7LDF
0-2: Strikes out looking
Batting: RHB Jimmy Davidson 0-0: SINGLE (Line Drive, 8RS, EV 86.9 MPH)
Batting: SHB Erik Ashe 0-0: Ball
1-0: Ball
2-0: Ball
3-0: Called Strike
3-1: Base on Balls
Jimmy Davidson to second
Batting: RHB Lou Horn 0-0: Ball
1-0: Ball
2-0: Grounds into double play, 6-4-3 (Groundball, 6, EV 86.3 MPH)
Bottom of the 4th over - 0 runs, 1 hit, 0 errors, 1 left on base; Wilmington 3 - Asheville 5
TOP OF THE 5TH
Wilmington Blue Rocks batting - Pitching for Asheville Tourists : RHP Walt Taylor
Batting: RHB Kieran Pittman 0-0: Foul Ball, location: 2F
0-1: Ball
1-1: Fly out, F9 (Flyball, 9D, EV 80.0 MPH)
Batting: RHB António Ríos 0-0: Ball
1-0: Ball
2-0: Swinging Strike
2-1: Ball
3-1: Base on Balls
Batting: RHB Jesús Balderas 0-0: Called Strike
0-1: Grounds into double play, 1-4-3 (Groundball, P, EV 70.0 MPH)
Top of the 5th over - 0 runs, 0 hits, 0 errors, 0 left on base; Wilmington 3 - Asheville 5
BOTTOM OF THE 5TH
Asheville Tourists batting - Pitching for Wilmington Blue Rocks : RHP César Hernández
Batting: SHB José Morán 0-0: Ball
1-0: Ball
2-0: Ball
3-0: Base on Balls
Batting: RHB Clint Hancock 0-0: Sac Bunt to 13 - play at first, batter OUT! 1-3
José Morán to second
Batting: LHB Héctor Jourdan 0-0: Ball
1-0: Called Strike
1-1: Ball
2-1: Ground out 4-3 (Groundball, 4, EV 106.3 MPH)
José Morán to third
Batting: RHB Brad Manning 0-0: Called Strike
0-1: Called Strike
0-2: Ball
1-2: Foul Ball, location: 2F
1-2: Ground out 6-3 (Groundball, 6M, EV 80.6 MPH)
Bottom of the 5th over - 0 runs, 0 hits, 0 errors, 1 left on base; Wilmington 3 - Asheville 5
TOP OF THE 6TH
Wilmington Blue Rocks batting - Pitching for Asheville Tourists : RHP Walt Taylor
Batting: LHB Jeff Yoder 0-0: Called Strike
0-1: Ball
1-1: Fly out, F7 (Flyball, 78M, EV 80.6 MPH)
Batting: RHB Assunção Contreras 0-0: Called Strike
0-1: Ground out 6-3 (Groundball, 6M, EV 78.8 MPH)
Batting: RHB Lonnie Dillard 0-0: Called Strike
0-1: Called Strike
0-2: Ball
1-2: Foul Ball, location: 5FF
1-2: Strikes out swinging
Top of the 6th over - 0 runs, 0 hits, 0 errors, 0 left on base; Wilmington 3 - Asheville 5
BOTTOM OF THE 6TH
Asheville Tourists batting - Pitching for Wilmington Blue Rocks : RHP César Hernández
Batting: RHB Raúl Villa 0-0: Called Strike
0-1: Ball
1-1: Called Strike
1-2: Fly out, F8 (Flyball, 89D, EV 104.4 MPH)
Batting: RHB Jared Clemente 0-0: Foul Ball, location: 5FF
0-1: Foul Ball, location: 5FF
0-2: Foul Ball, location: 2F
0-2: Ball
1-2: Foul Ball, location: 5FF
1-2: Ball
2-2: Fly out, F9 (Flyball, 9LM, EV 104.4 MPH)
Batting: RHB Jimmy Davidson 0-0: Ball
1-0: Ball
2-0: Ball
3-0: Called Strike
3-1: Base on Balls
Batting: SHB Erik Ashe 0-0: Ball
Wild Pitch!
Jimmy Davidson to second
1-0: Ground out 4-3 (Groundball, 4, EV 84.4 MPH)
Bottom of the 6th over - 0 runs, 0 hits, 0 errors, 1 left on base; Wilmington 3 - Asheville 5
TOP OF THE 7TH
Wilmington Blue Rocks batting - Pitching for Asheville Tourists : RHP Walt Taylor
Batting: LHB Steve Morris 0-0: TRIPLE (Groundball, 3L, EV 98.8 MPH)
Batting: LHB Aurelio Martínez 0-0: Called Strike
0-1: Ball
1-1: Ball
2-1: Foul Ball, location: 2F
2-2: Foul Ball, location: 2F
2-2: Ball
3-2: Strikes out looking
Pinch Hitting: SHB Doug Stevens 0-0: Ball
1-0: Foul Ball, location: 2F
1-1: Ball
2-1: Foul Ball, location: 5FF
2-2: Ball
3-2: Foul Ball, location: 5DF
3-2: Base on Balls
Batting: RHB Kieran Pittman 0-0: Fly out, F9 (Flyball, 89M, EV 93.8 MPH)
Pinch Hitting: LHB Jud Foster 0-0: Ball
1-0: Foul Ball, location: 7LDF
1-1: Swinging Strike
1-2: Foul Ball, location: 2F
1-2: Strikes out looking
Top of the 7th over - 0 runs, 1 hit, 0 errors, 2 left on base; Wilmington 3 - Asheville 5
BOTTOM OF THE 7TH
Asheville Tourists batting - Pitching for Wilmington Blue Rocks : RHP César Hernández
Pitching: RHP Monte Robinson
Now at 2B: Jud Foster
Now at 3B: Jake Valance
Now at SS: Steve Morris
Batting: RHB Lou Horn 0-0: Called Strike
0-1: Ball
1-1: Ball
2-1: Foul Ball, location: 3F
2-2: Ball
3-2: SINGLE (Line Drive, 8LS, EV 105.0 MPH)
Batting: SHB José Morán 0-0: Ball
1-0: Swinging Strike
1-1: Ball
Lou Horn is caught stealing 2nd base 2-6
2-1: Called Strike
2-2: Foul Ball, location: 2F
2-2: Ball
3-2: Strikes out swinging
Batting: RHB Clint Hancock 0-0: Foul Ball, location: 2F
0-1: Ball
1-1: Called Strike
1-2: Fly out, F9 (Flyball, 89M, EV 83.8 MPH)
Bottom of the 7th over - 0 runs, 1 hit, 0 errors, 0 left on base; Wilmington 3 - Asheville 5
TOP OF THE 8TH
Wilmington Blue Rocks batting - Pitching for Asheville Tourists : RHP Walt Taylor
Pitching: RHP Akuhata Havika
Pinch Hitting: RHB Mal Norton 0-0: Ball
1-0: Ball
2-0: Foul Ball, location: 5F
2-1: Ground out 6-3 (Groundball, 6S, EV 90.6 MPH)
Batting: LHB Jeff Yoder 0-0: Called Strike
0-1: Called Strike
0-2: Foul Ball, location: 3SF
0-2: Ball
1-2: Foul Ball, location: 7LSF
1-2: Strikes out swinging
Batting: RHB Assunção Contreras 0-0: Ground out 4-3 (Groundball, 34, EV 88.8 MPH)
Top of the 8th over - 0 runs, 0 hits, 0 errors, 0 left on base; Wilmington 3 - Asheville 5
BOTTOM OF THE 8TH
Asheville Tourists batting - Pitching for Wilmington Blue Rocks : RHP Monte Robinson
Now in CF: Tim O'Day
Batting: LHB Héctor Jourdan 0-0: Ball
1-0: Ground out 4-3 (Groundball, 4, EV 89.4 MPH)
Batting: RHB Brad Manning 0-0: Ball
1-0: Ball
2-0: Ball
3-0: Base on Balls
Batting: RHB Raúl Villa 0-0: Ball
1-0: Swinging Strike
1-1: Ball
2-1: Foul Ball, location: 2F
2-2: Strikes out swinging
Batting: RHB Jared Clemente 0-0: Called Strike
0-1: Ball
1-1: Foul Ball, location: 2F
1-2: Foul Ball, location: 2F
1-2: DOUBLE (Flyball, 78D, EV 105.0 MPH)
Brad Manning to third
Pitching: RHP Pancho Taváres
Batting: RHB Jimmy Davidson 0-0: Ball
1-0: Swinging Strike
1-1: Swinging Strike
1-2: Ball
2-2: Ground out U3 (Groundball, 3, EV 83.8 MPH)
Bottom of the 8th over - 0 runs, 1 hit, 0 errors, 2 left on base; Wilmington 3 - Asheville 5
TOP OF THE 9TH
Wilmington Blue Rocks batting - Pitching for Asheville Tourists : RHP Akuhata Havika
Pitching: RHP José Ramírez
Batting: RHB Lonnie Dillard 0-0: Fly out, F8 (Line Drive, 8LM, EV 98.8 MPH)
Batting: LHB Steve Morris 0-0: Swinging Strike
0-1: Ball
1-1: Ball
2-1: Foul Ball, location: 23F
2-2: Strikes out swinging
Batting: LHB Aurelio Martínez 0-0: Ball
1-0: Ball
2-0: Ball
3-0: Called Strike
3-1: Foul Ball, location: 7LDF
3-2: Ground out U3 (Groundball, 3S, EV 91.3 MPH)
Top of the 9th over - 0 runs, 0 hits, 0 errors, 0 left on base; Wilmington 3 - Asheville 5
Friday, May 3rd , 2024 - OOTP Baseball 24.10 Build 82